[Event "Early-Titled-Tuesday-Blitz-January-16-2024"]
[Site "Chess.com"]
[Date "2024.01.16"]
[Round "4"]
[White "NMJeevanK"]
[Black "GMKrikor"]
[Result "1-0"]
[WhiteElo "2575"]
[BlackElo "2739"]
[TimeControl "180+1"]
[EndTime "8:42:15 PST"]
[Termination "NMJeevanK won on time"]

1. e4 e6 2. d4 d5 3. exd5 exd5 4. Nf3 Nc6 5. Bd3 Bd6 6. c3 Nge7 7. Nbd2 Bf5 8. Nf1 Qd7 9. Ne3 Bxd3 10. Qxd3 f6 11. b4 O-O 12. a4 Nd8 13. O-O Nf7 14. b5 a6 15. Rb1 axb5 16. axb5 Rfe8 17. c4 dxc4 18. Nxc4 Nd5 19. Bd2 b6 20. Rfe1 Rxe1+ 21. Nxe1 Bf8 22. Nf3 Re8 23. Qb3 g6 24. Ne3 Nxe3 25. Bxe3 Rd8 26. Ra1 Kg7 27. h3 Nd6 28. Rb1 Nf5 29. Bf4 Bd6 30. Bxd6 Qxd6 31. Rc1 Rd7 32.
Rc6 Qe7 33. Qc4 Qf7 34. Qc3 Nd6 35. Qb2 Qd5 36. Rc1 Nxb5 37. Re1 Nd6 38. Qe2 Nf5 39. Qe8 Qf7 40. Qc8 Nxd4 41. Nxd4 Rxd4 42. Rc1 Rd7 43.
Qb7 Qe7 44. Qc6 Qd8 45. Kh2 Qe7 46. g3 h5 47. h4 Qd6 48. Qf3 c5 49. Re1 Re7 50. Rb1 Qe6 51. Qa8 c4 52. Qb8 Re8 53. Qc7+ Re7 54. Qb8 Qe2 55. Qxb6 1-0

[Event "Early-Titled-Tuesday-Blitz-January-16-2024"]
[Site "Chess.com"]
[Date "2024.01.16"]
[Round "4"]
[White "SlipperySpeedster"]
[Black "Russian_berezka"]
[Result "0-1"]
[WhiteElo "2687"]
[BlackElo "2557"]
[TimeControl "180+1"]
[EndTime "8:42:15 PST"]
[Termination "Russian_berezka won by resignation"]

1. Nf3 g6 2. d4 Bg7 3. e4 d5 4. exd5 Qxd5 5. c4 Qd8 6. Nc3 c6 7. Be3 Nf6 8. h3 O-O 9. Be2 Bf5 10. Qd2 Ne4 11. Nxe4 Bxe4 12. O-O Nd7 13. Rac1 Nf6 14. Ne5 Bf5 15. Qb4 Qb6 16. Qxe7 Qxb2 17. Bf3 Qxa2 18. Qxb7 Be4 19. Bxe4 Nxe4 20. Qxc6 Nf6 21.
Ra1 Qc2 22. Rfc1 Qf5 23. g4 Qe6 24. Qxe6 fxe6 25. Ra6 Rfe8 26. Rca1 Re7 27. g5 Ne4 28. c5 Bxe5 29. dxe5 Kf7 30. c6 Rc7 31. Rxa7 Raxa7 32. Rxa7 Rxa7 33. Bxa7 Ke7 34. h4 Kd8 35. Bb6+ Kc8 36. f3 Nd2 37. Kf2 Nc4 38. Bd4 Kc7 39. Ke2 Kxc6 40. Kd3 Kd5 41. f4 Na5 42. Bf2 Nc6 43. Be1 Ne7 44. Ke3 Nf5+ 45. Kd3 Ng7 46. Bf2 Nh5 47.
Ke3 Ng7 48. Be1 Nf5+ 49. Kd3 Ne7 50. Ke3 Nc8 51. Ba5 Na7 52. Kd3 Nc6 53. Bd2 Nd4 54.
Be3 Nc6 55. Bf2 Nb4+ 56. Ke3 Nc2+ 57. Kf3 Na3 58. Kg4 Ke4 59. Be1 Nb5 60. Bd2 Nd4 61.
h5 Nf3 62. Bc1 Nd4 63. h6 Ne2 64. Bd2 Nd4 65. Kg3 Nf5+ 66. Kf2 Ne7 67. Ke2 Nd5 68.
Kf2 Nxf4 69. Kg3 Nd5 70. Ba5 Kxe5 71. Bd2 Kf5 72. Bc1 Ne7 73. Kf3 Nc6 74. Ke2 Ne5 75. Ke3 Nf7 76. Kd4 Nxg5 77. Kc5 Nf7 78. Kc6 e5 79.
Kd7 g5 80. Ke7 Nxh6 81. Kd6 Ng4 82. Kd5 h5 83. Bd2 h4 84. Be1 h3 0-1

[Event "Early-Titled-Tuesday-Blitz-January-16-2024"]
[Site "Chess.com"]
[Date "2024.01.16"]
[Round "4"]
[White "JesseFebruary"]
[Black "MatthewG-p4p"]
[Result "0-1"]
[WhiteElo "1907"]
[BlackElo "2912"]
[TimeControl "180+1"]
[EndTime "8:42:15 PST"]
[Termination "MatthewG-p4p won on time"]

1. e4 e6 2. d4 d5 3. Nd2 a6 4. exd5 exd5 5. Ngf3 Nf6 6. Bd3 c5 7. dxc5 Bxc5 8. c3 O-O 9. O-O Nc6 10. h3 Re8 11.
Re1 h6 12. Nb3 Bb6 13. Bf4 Ne4 14. Bxe4 dxe4 15. Qxd8 Nxd8 16. Nfd4 g5 17. Be3 Bc7 18. Rad1 f5 19. Bc1 Nf7 20. Nc5 b6 21. Nd3 a5 22.
Nb5 Bb8 23. f3 Ba6 24. a4 Bg3 25. Nf2 exf3 26. gxf3 Bb7 27. Kg2 Be5 28. Rd7 Bc6 29. Rdd1 Rad8 30. Rxd8 Rxd8 31. Rd1 Rxd1 32. Nxd1 g4 33.
hxg4 fxg4 34. Ne3 Bxf3+ 35. Kf2 h5 36. Nf5 Kh7 37. Be3 Bd1 38. Bxb6 Bxa4 39. Nbd4 Kg6 40.
Ne3 Bd7 41. Nc4 Bf6 42. Kg3 h4+ 43. Kg2 h3+ 44. Kg1 g3 45. Ne2 h2+ 46. Kg2 Bh3+ 47. Kh1 Bh4 48. Ne3 Kg5 49. Bd4 Nd6 50. Ng2 Ne4 51.
Nef4 Bg4 0-1

[Event "Early-Titled-Tuesday-Blitz-January-16-2024"]
[Site "Chess.com"]
[Date "2024.01.16"]
[Round "4"]
[White "VladimirKramnik"]
[Black "hakanazeri2"]
[Result "1-0"]
[WhiteElo "2930"]
[BlackElo "2531"]
[TimeControl "180+1"]
[EndTime "8:42:16 PST"]
[Termination "VladimirKramnik won by resignation"]

1. c4 e6 2. Nc3 d5 3. d4 Bb4 4. e3 Nf6 5. a3 Be7 6. Nf3 O-O 7. Bd3 a6 8. c5 b6 9. b4 a5 10. Rb1 axb4 11. axb4 bxc5 12. bxc5 Ba6 13. Ne5 Bxd3 14. Nxd3 Nc6 15. O-O Ne4 16. Qc2 Bf6 17. Nxe4 dxe4 18. Nf4 e5 19. dxe5 Nxe5 20. Qxe4 Re8 21. Bb2 Ng6 22.
Qf3 Bxb2 23. Rxb2 Qf6 24. Rb4 Rab8 25. Rd4 Nxf4 26. Rxf4 Qe6 27. h4 g6 28. c6 Rb6 29.
Rc1 Reb8 30. Kh2 Rb1 31. Rcc4 Ra1 32. Rce4 Qd6 33. Rd4 Qe5 34. Qe4 Qxe4 35. Rdxe4 Rc1 36. Re7 Rxc6 37. Rfxf7 h5 38. Rg7+ Kf8 39. Rh7 Rb2 40. Rhf7+ Kg8 41. Kg3 Rcc2 42. Rxc7 Rc6 43. Rxc6 Kxf7 44.
Rc4 Kf6 45. Rf4+ Kg7 46. Kf3 Rb1 47. g3 Ra1 48. Rd4 Ra2 49. e4 Rb2 50. Ke3 Rb3+ 51. Kf4 Rb1 52. f3 Rf1 53. Rd7+ Kh6 54. Rd6 Re1 55.
e5 Ra1 56. Rd4 Ra4 57. Rxa4 1-0

[Event "Early-Titled-Tuesday-Blitz-January-16-2024"]
[Site "Chess.com"]
[Date "2024.01.16"]
[Round "4"]
[White "Mistango"]
[Black "Batcu"]
[Result "1/2-1/2"]
[WhiteElo "2485"]
[BlackElo "2259"]
[TimeControl "180+1"]
[EndTime "8:42:16 PST"]
[Termination "Game drawn - insufficient material"]

1. e4 e5 2. Nf3 Nc6 3. d4 exd4 4. Nxd4 Nf6 5. Nxc6 bxc6 6. Nc3 Bc5 7. Bd3 d6 8. O-O O-O 9. h3 Re8 10. Bg5 h6 11. Bh4 g5 12. Bg3 Nd7 13. Na4 Bd4 14. c3 Bg7 15. f4 d5 16. exd5 cxd5 17. fxg5 Qxg5 18. Qf3 Ne5 19. Bxe5 Rxe5 20. Qxf7+ Kh8 21. Rf3 Be6 22. Qxc7 Re3 23. h4 Qe5 24. Qxe5 Rxe5 25. Nc5 Bg4 26. Rff1 Rb8 27. Nb3 Re3 28. Bf5 Be2 29.
Rfe1 Rbe8 30. Nc1 Bf6 31. Nxe2 Rxe2 32. Rxe2 Rxe2 33. Rb1 Bxh4 34. Bg4 Rd2 35. Rd1 Rxb2 36. Rxd5 Rxa2 37. c4 a5 38. Kh2 Bg5 39. c5 a4 40. c6 Rc2 41. Bd7 a3 42. Ra5 Rc3 43. g3 Rc2+ 44. Kh3 a2 45. Be6 Rxc6 46. Bxa2 Rc3 47.
Bd5 Kg7 48. Be6 Kf6 49. Bg4 Be3 50. Rf5+ Kg6 51. Rf3 Bd4 52. Bf5+ Kg5 53. Rxc3 Bxc3 54. Bd3 Bd4 55. Be2 Be5 56. Bd1 Bxg3 57. Be2 Bf4 58.
Bd1 h5 59. Bxh5 1/2-1/2

[Event "Early-Titled-Tuesday-Blitz-January-16-2024"]
[Site "Chess.com"]
[Date "2024.01.16"]
[Round "4"]
[White "Seochesspie"]
[Black "LyonBeast"]
[Result "0-1"]
[WhiteElo "2804"]
[BlackElo "3138"]
[TimeControl "180+1"]
[EndTime "8:42:19 PST"]
[Termination "LyonBeast won on time"]

1. d4 Nf6 2. c4 e6 3. Nf3 Bb4+ 4. Bd2 a5 5. g3 O-O 6. Bg2 b6 7. Ne5 d5 8. O-O Bb7 9. Bg5 Be7 10. Nc3 c6 11. Rc1 Nbd7 12. Nxd7 Nxd7 13. Bxe7 Qxe7 14. cxd5 cxd5 15. Qb3 Qb4 16. e3 Rfc8 17. Rfd1 Nf6 18. Na4 Rc6 19. Bf1 Ne4 20. Rxc6 Bxc6 21. Nc3 Qxb3 22.
axb3 Nxc3 23. bxc3 b5 24. Ra1 a4 25. b4 Rc8 26. Ra3 Kf8 27. f3 Ke7 28. Bd3 Kd6 29. Kf2 f6 30. e4 dxe4 31. fxe4 e5 32. Ke3 Bd7 33. Be2 h5 34. h4 g6 35. Bd3 g5 36.
Be2 gxh4 37. gxh4 Rg8 38. Kf2 Bc6 39. dxe5+ Kxe5 40. Bxh5 Bxe4 41. Be2 Bc6 42. c4 bxc4 43. Bxc4 Rg4 44. b5 Rf4+ 45. Ke1 Bb7 46. Rxa4 Rxh4 47.
Ra7 Bf3 48. Bf1 Rb4 49. Rf7 f5 50. Kf2 Be4 51. Rh7 Rb2+ 52. Kg1 f4 53. Re7+ Kd4 54. Rf7 Ke3 55. Re7 f3 56. Rf7 Bd5 57. Re7+ Kf4 58.
Rd7 Be6 59. Re7 Bg4 60. Rf7+ Kg3 0-1

[Event "Early-Titled-Tuesday-Blitz-January-16-2024"]
[Site "Chess.com"]
[Date "2024.01.16"]
[Round "4"]
[White "Roman_Ovetchkin"]
[Black "crazy_m_attack"]
[Result "0-1"]
[WhiteElo "2653"]
[BlackElo "2467"]
[TimeControl "180+1"]
[EndTime "8:42:20 PST"]
[Termination "crazy_m_attack won on time"]

1. d4 d5 2. c4 e6 3. Nf3 Nf6 4. g3 Be7 5. Bg2 O-O 6. Qc2 dxc4 7. Qxc4 a6 8. Bf4 Nd5 9. Bd2 b5 10. Qc2 Bb7 11. O-O Nd7 12. Ba5 Rc8 13. a3 N7b6 14. e4 Nf6 15. Nc3 Nc4 16. Bb4 c5 17. Bxc5 Bxc5 18.
dxc5 Rxc5 19. Rfe1 Qc8 20. e5 Bxf3 21. exf6 Bxg2 22.
fxg7 Rd8 23. Kxg2 Rd2 24. Qe4 Nxb2 25. Re2 Rxe2 26. Nxe2 Qc6 27. Qxc6 Rxc6 28. Ra2 Nc4 29. Nf4 Kxg7 30. h4 Rd6 31. g4 e5 32. Nh5+ Kg6 33.
Ng3 Rd4 34. Kf3 Rd3+ 35. Ke4 Rd4+ 36. Kf3 Rf4+ 37. Ke2 Rxg4 38. h5+ Kg5 39. a4 Rd4 40.
axb5 axb5 41. Ra7 Kf6 42. Ra6+ Rd6 43. Ra7 Rb6 44. Ne4+ Ke6 45. Ng5+ Kf5 46. Nxh7 b4 47. Rxf7+ Ke4 48. Ng5+ Kd4 49. Rd7+ Kc3 50. Ne4+ Kc2 51. Rc7 Kb3 52. Nc5+ Ka2 53. Ra7+ Na3 0-1

[Event "Early-Titled-Tuesday-Blitz-January-16-2024"]
[Site "Chess.com"]
[Date "2024.01.16"]
[Round "4"]
[White "GodDMuhammad"]
[Black "tteshan"]
[Result "1/2-1/2"]
[WhiteElo "2371"]
[BlackElo "2592"]
[TimeControl "180+1"]
[EndTime "8:42:21 PST"]
[Termination "Game drawn - insufficient material"]

1. f4 c5 2. Nf3 g6 3. d3 Bg7 4. e4 Nc6 5. c3 e6 6. g3 Nge7 7.
Bg2 O-O 8. O-O d5 9. e5 d4 10. Qe2 b6 11. Nbd2 dxc3 12. bxc3 Bb7 13. Rd1 Nf5 14. Ne4 h5 15. Be3 Nxe3 16. Qxe3 Qe7 17. Nd6 Rad8 18. Ng5 Ba8 19. d4 cxd4 20. cxd4 Nb4 21.
Bxa8 Rxa8 22. Rdc1 Nd5 23. Qd3 Bh6 24. Nge4 Rfd8 25.
a4 Qd7 26. a5 Bf8 27. Rab1 Bxd6 28. Nxd6 Rab8 29. axb6 axb6 30. Rb2 Kg7 31. Rcb1 h4 32. Kg2 Rh8 33. Rb5 Ra8 34. R1b2 Ra1 35. f5 hxg3 36. Qxg3 Rh6 37. fxe6 Qxe6 38. Rf2 Nc7 39. Rxf7+ Qxf7 40. Nxf7 Nxb5 41. Nxh6 Nxd4 42. Qc3 Ra2+ 43. Kh3 Ne2 44.
Qb3 Rd2 45. Ng4 Rd3+ 46. Qxd3 Nf4+ 47. Kg3 Nxd3 48. e6 Nc5 49. Kf4 Nxe6+ 50. Ke5 Nf8 51. Kd5 g5 52. Kc6 Kg6 53. Kxb6 Kf5 54. Ne3+ Kf4 55.
Nd5+ Kf3 56. Kc5 Kg2 57. Kd4 Kxh2 58. Ke4 g4 59. Ne3 g3 60. Kf3 Kh3 61. Nf1 g2 62.
Kf2 Ng6 63. Ne3 Ne5 64. Nxg2 1/2-1/2

[Event "Early-Titled-Tuesday-Blitz-January-16-2024"]
[Site "Chess.com"]
[Date "2024.01.16"]
[Round "4"]
[White "Real_taiatai"]
[Black "alexrustemov"]
[Result "0-1"]
[WhiteElo "2505"]
[BlackElo "2858"]
[TimeControl "180+1"]
[EndTime "8:42:22 PST"]
[Termination "alexrustemov won by resignation"]

1. e4 e6 2. d4 d5 3. Nc3 dxe4 4. Nxe4 Bd7 5. Nf3 Bc6 6. Bd3 Nd7 7. O-O Ngf6 8. Nxf6+ Qxf6 9. c3 Bxf3 10. Qxf3 Qxf3 11.
gxf3 Bd6 12. Kg2 Nf6 13. f4 g6 14. Kf3 c6 15. Be3 Kd7 16. a4 a5 17. Bc2 Kc7 18.
Rfb1 Rhd8 19. h3 Nd5 20. Rg1 Be7 21. Rge1 Bf6 22. Rg1 Rd7 23. Be4 Rad8 24. Rgc1 Nb6 25. b4 axb4 26. a5 Nd5 27. cxb4 Nxb4 28. a6 b6 29. a7 Ra8 30. Ra4 Nd5 31. Bd3 Kd6 32. Rca1 Rb7 33. Bc1 Kc7 34. Be3 b5 35. Ra6 Rb6 36.
R6a2 b4 37. Bc4 Kb7 38. Ba6+ Kc7 39. Bc4 Bd8 40. Ke2 Kd7 41. Kd3 Rb7 42. Ra6 Bb6 43.
Bd2 Rbxa7 44. Rxa7+ Rxa7 45. Rxa7+ Bxa7 46. Bxd5 exd5 47. Bxb4 Ke6 48. Ke3 Kf5 49. Bd6 Bb6 50. Be5 Ba5 51. Kf3 Bd2 52. Bd6 Bc1 53. Bc7 h5 54. Bd6 f6 55. Bb8 Bb2 56. Ba7 Bc3 57. Bc5 Ba5 58. Ba7 Bc7 59. Bc5 Bxf4 60. Be7 g5 61. Bc5 g4+ 62.
hxg4+ hxg4+ 63. Ke2 Ke4 64. Bb6 f5 65. Bc5 Bg5 66. Bb6 Bf6 0-1

[Event "Early-Titled-Tuesday-Blitz-January-16-2024"]
[Site "Chess.com"]
[Date "2024.01.16"]
[Round "4"]
[White "Bkmzzzzz"]
[Black "SaqoChess_Twitch"]
[Result "1-0"]
[WhiteElo "2402"]
[BlackElo "2580"]
[TimeControl "180+1"]
[EndTime "8:42:23 PST"]
[Termination "Bkmzzzzz won by resignation"]

1. e4 c5 2. Nf3 d6 3. d4 cxd4 4.
Qxd4 Nf6 5. Nc3 Nc6 6. Bb5 Bd7 7. Qd3 e6 8. Bg5 Be7 9. O-O-O O-O 10. e5 Nxe5 11.
Nxe5 Bxb5 12. Qxb5 a6 13. Qe2 Qa5 14. Nf3 b5 15. Kb1 d5 16. Rd4 Rfc8 17. Rf4 Rc4 18. Rxc4 bxc4 19. Ka1 Rb8 20. Qd2 Qb6 21. Rb1 h6 22. Bf4 Rb7 23. Be3 Qc6 24. Ne5 Qc7 25.
f4 Bb4 26. Bd4 Ne4 27. Qe3 Nd6 28. g4 Qa5 29. g5 hxg5 30. fxg5 Nf5 31. Qf2 Nxd4 32. Qxd4 Bc5 33. Qh4 Bd6 34. Ng4 Rxb2 35. Rxb2 Qxc3 36. g6 fxg6 37. Kb1 g5 38. Qf2 Bb4 39. Qe2 Kf7 40. Qe3 Qxe3 41. Nxe3 Bc5 42. Ng2 Kf6 43. h3 e5 44. Rb7 e4 45. Kc1 g6 46.
Kd1 Kf5 47. Ke2 g4 48. Rc7 Bd4 49. Ne3+ Kf4 50. Nxd5+ Ke5 51. Ne3 gxh3 52. Rh7 Kd6 53. Nxc4+ Kc5 54. Ne3 Kb4 55. Rxh3 a5 56. Nd5+ Kc4 57.
Nf4 g5 58. Ne6 g4 59. Rg3 Kd5 60. Nxd4 Kxd4 61. Rxg4 a4 62. a3 Kc3 63. Rxe4 Kb2 64.
Rxa4 Ka2 65. Rc4 Kb2 66. Kd2 Ka2 67. a4 Kb2 68. a5 Kb1 69. a6 Kb2 70. a7 Kb1 71. a8=Q Kb2 72. Qb7+ 1-0

[Event "Early-Titled-Tuesday-Blitz-January-16-2024"]
[Site "Chess.com"]
[Date "2024.01.16"]
[Round "4"]
[White "ilushka"]
[Black "dosto07"]
[Result "0-1"]
[WhiteElo "2338"]
[BlackElo "2529"]
[TimeControl "180+1"]
[EndTime "8:42:23 PST"]
[Termination "dosto07 won on time"]

1. e4 e5 2. Nf3 Nc6 3. Bb5 a6 4. Ba4 Nf6 5. O-O Be7 6. Nc3 b5 7. Bb3 O-O 8. Nd5 d6 9. Nxe7+ Qxe7 10. d3 Na5 11. Bg5 Nxb3 12. axb3 h6 13. Bh4 g5 14. Nxg5 hxg5 15. Bxg5 Qe6 16. f4 Nh7 17. f5 Qd7 18. Bh6 f6 19. Qg4+ Kh8 20. Bxf8 Nxf8 21. Rf3 Qg7 22.
Qh4+ Nh7 23. Rg3 Qf7 24. Rf1 Bd7 25. Rg6 Rg8 26. Qh5 Be8 27. Rf3 Rxg6 28. fxg6 Qxg6 29. Qh3 Kg7 30. Qc8 Qf7 31. Rg3+ Kf8 32. h4 Qd7 33. Qxa6 Kf7 34. Qa8 Nf8 35. Qd5+ Ne6 36. h5 c6 37. h6 cxd5 38. h7 Qa7+ 39. Kh2 Qf2 40. h8=Q Qf4 41. exd5 Ng5 42. Qh5+ Ke7 43. Qg4 Bf7 44.
c4 b4 45. Qxf4 exf4 46. Rg4 f3 47. gxf3 Nxf3+ 48. Kg3 Ne5 49. Re4 Kd7 50. d4 Nd3 51.
Re2 f5 52. Rd2 f4+ 53. Kg4 Bg6 54. Kg5 Be4 55. Re2 Bh7 56. Rh2 Be4 57. Kg4 f3 58.
Kg3 f2 0-1

[Event "Early-Titled-Tuesday-Blitz-January-16-2024"]
[Site "Chess.com"]
[Date "2024.01.16"]
[Round "4"]
[White "carloseduar100"]
[Black "deribas12345"]
[Result "0-1"]
[WhiteElo "2257"]
[BlackElo "2495"]
[TimeControl "180+1"]
[EndTime "8:42:23 PST"]
[Termination "deribas12345 won on time"]

1. g3 c5 2. Bg2 Nc6 3. Nf3 d5 4. O-O e5 5. d3 Nge7 6. Nbd2 Ng6 7. c3 Be7 8. a3 a5 9. e4 d4 10. h4 dxc3 11. bxc3 Qxd3 12. Bb2 Bg4 13. Re1 Rd8 14.
Qe2 Qxe2 15. Rxe2 O-O 16. Nf1 b5 17. Ne3 Be6 18. a4 b4 19. cxb4 axb4 20. h5 Nh8 21. Nxe5 Nxe5 22. Bxe5 c4 23. a5 f6 24. Bc7 Rc8 25.
Bb6 b3 26. e5 c3 27. a6 c2 28. Nxc2 bxc2 29. Rc1 Bc4 30. Rexc2 Bxa6 31. Rxc8 Rxc8 32. Rxc8+ Bxc8 33. exf6 Bxf6 34. Be3 Nf7 35. Bd5 h6 36. Kg2 Bg4 37. Bf3 Bxf3+ 38. Kxf3 Bg5 39. Bd4 Nd6 40. g4 Kf7 41. Kg3 Bf6 42. Be3 Ne4+ 43. Kf3 Ng5+ 44. Kg3 Ke6 45. f4 Ne4+ 46. Kf3 Kd5 47. Bc1 Kd4 48.
Be3+ Kd3 49. Bc1 Nd6 50. g5 Bd4 51. Kg4 Ke4 52. Bd2 Nf5 53. Bb4 Ne3+ 54. Kg3 Nd5 0-1

[Event "Early-Titled-Tuesday-Blitz-January-16-2024"]
[Site "Chess.com"]
[Date "2024.01.16"]
[Round "4"]
[White "DonkyDonkyDonkey"]
[Black "Tejas_Rama"]
[Result "1/2-1/2"]
[WhiteElo "2751"]
[BlackElo "2570"]
[TimeControl "180+1"]
[EndTime "8:42:24 PST"]
[Termination "Game drawn by stalemate"]

1. e4 e5 2. Nc3 Nf6 3. Nf3 Nc6 4. a3 d5 5. Bb5 Nxe4 6. Qe2 Nxc3 7. Qxe5+ Qe7 8.
dxc3 Bd7 9. Bxc6 Bxc6 10. Bf4 O-O-O 11. O-O-O Qxe5 12. Bxe5 f6 13. Bg3 Bc5 14. h4 Rhe8 15. h5 Re2 16. Rd2 Rxd2 17. Kxd2 d4 18. Nxd4 Bxg2 19.
Rh4 Bxd4 20. cxd4 c5 21. c3 cxd4 22. cxd4 Bd5 23. Rg4 Rd7 24. Ke3 Kd8 25. f3 Ke8 26. Rh4 Kf7 27. Rh1 Re7+ 28. Kf2 Re6 29. Rc1 Rc6 30.
Rc5 Ke6 31. Ke3 b6 32. Rc3 Rxc3+ 33. bxc3 Kf5 34. Bf4 Bf7 35. h6 g5 36. Bb8 a6 37.
Bd6 Bd5 38. Bf8 Kg6 39. Bg7 f5 40. f4 Kh5 41. fxg5 Kxg5 42. Kd3 b5 43. Ke3 f4+ 44. Kf2 Kf5 45. Be5 Ke4 46. Bd6 Kd3 47. Bxf4 Kxc3 48.
Ke3 a5 49. Bc7 Kb3 50. Bxa5 Kxa3 51. Kf4 b4 52. Ke5 Bg2 53. d5 b3 54. d6 Bh3 55.
Bc3 b2 56. Bxb2+ Kxb2 57. Kf6 Kc3 58. Ke7 Kd4 59. d7 Bxd7 60. Kxd7 Kd5 61. Ke7 Kc6 62. Kf7 Kd7 63. Kf8 Kd8 64. Kf7 Kd7 65. Kg8 Ke8 66.
Kg7 Ke7 67. Kg8 Ke8 68. Kxh7 Kf7 69. Kh8 Kf8 70. Kh7 Kf7 71. Kh8 Kf8 72. h7 Kf7 1/2-1/2

[Event "Early-Titled-Tuesday-Blitz-January-16-2024"]
[Site "Chess.com"]
[Date "2024.01.16"]
[Round "4"]
[White "hmatyi07"]
[Black "Kotofeyca"]
[Result "1/2-1/2"]
[WhiteElo "2187"]
[BlackElo "2429"]
[TimeControl "180+1"]
[EndTime "8:42:24 PST"]
[Termination "Game drawn - insufficient material"]

1. e4 c5 2. Nf3 d6 3. d4 cxd4 4. Nxd4 Nf6 5. Nc3 a6 6. Rg1 b5 7.
g4 Bb7 8. a4 bxa4 9. Rxa4 Nxe4 10.
Nxe4 Bxe4 11. Ne6 fxe6 12. Rxe4 Qd7 13. g5 e5 14. Qd5 Nc6 15. Bh3 Qb7 16. Rc4 Nd8 17.
Qxb7 Nxb7 18. Bg2 Ra7 19. Rc7 e6 20. Rxb7 Rxb7 21. Bxb7 a5 22. Bc6+ Kf7 23. Bd2 d5 24.
Bxa5 Bd6 25. Ba4 Ra8 26. b4 Bxb4+ 27. Bxb4 Rxa4 28. Rg4 d4 29. Bd2 Ra2 30. Re4 Rxc2 31. Rxe5 d3 32. Re3 Rc4 33. Rxd3 Rh4 34. h3 Kg6 35. Rg3 Kf5 36. Re3 e5 37. Ke2 e4 38.
Ra3 Kg6 39. Be3 Rxh3 40. Ra5 Kh5 41. Ra4 Rh4 42. Kd2 Kg6 43. Kc3 h6 44. gxh6 gxh6 45. Kd4 Kf5 46. Ra5+ Kg4 47. Re5 Kf3 48. Rf5+ Kg2 49.
Re5 Kf3 50. Re6 h5 51. Rf6+ Kg2 52. Ke5 Rg4 53. Rh6 h4 54. Kf5 Kh3 55. Rg6 Rxg6 56. Kxg6 Kg2 57. Kf5 h3 58. Bf4 Kxf2 59. Kxe4 Kg2 60.
Bd6 h2 61. Bxh2 1/2-1/2

[Event "Early-Titled-Tuesday-Blitz-January-16-2024"]
[Site "Chess.com"]
[Date "2024.01.16"]
[Round "4"]
[White "carokannlover213"]
[Black "nindjaxx8"]
[Result "1-0"]
[WhiteElo "2775"]
[BlackElo "2564"]
[TimeControl "180+1"]
[EndTime "8:42:26 PST"]
[Termination "carokannlover213 won by resignation"]

1. c4 e6 2. Nf3 d5 3. g3 Nf6 4.
Bg2 Be7 5. O-O O-O 6. d4 b6 7.
Ne5 Bb7 8. Nc3 Nbd7 9. Qa4 c6 10.
Nxd7 Nxd7 11. Rd1 a6 12. Qb3 b5 13. c5 a5 14. a4 b4 15. Nb1 Ba6 16. Qc2 Nf6 17.
Bf4 Re8 18. Bf3 Nd7 19. Bg4 Bf6 20. e4 e5 21. Bxd7 Qxd7 22. dxe5 Bxe5 23. Be3 d4 24. f4 d3 25. fxe5 dxc2 26. Rxd7 cxb1=B 27. Rxb1 Rxe5 28. Rd4 Rae8 29. Rbd1 f6 30. Rd8 Rxe4 31. Rxe8+ Rxe8 32. Kf2 Bc4 33. Rd7 Bb3 34. Ra7 Bxa4 35. Rxa5 Bb5 36. Ra7 Re4 37. Rd7 Rc4 38. h4 Rc2+ 39.
Rd2 Rc4 40. Kf3 Kf7 41. h5 Ke6 42. Rd6+ Ke5 43. Bf4+ Rxf4+ 44. gxf4+ Kf5 45. Rd7 g6 46. Rxh7 gxh5 47. Rxh5+ Ke6 48. Ke4 Bc4 49. f5+ Ke7 50. Rh7+ Kf8 51. Rc7 Bd5+ 52. Kd4 b3 53. Ke3 Ke8 54.
Kf4 Kd8 55. Rh7 Ke8 56. Kg4 Kf8 57. Kh5 Bf7+ 58. Kh6 Ke7 59. Kg7 Ke8 60. Kxf6 Bc4 1-0

[Event "Early-Titled-Tuesday-Blitz-January-16-2024"]
[Site "Chess.com"]
[Date "2024.01.16"]
[Round "4"]
[White "DDTerziev04"]
[Black "falzehope0"]
[Result "0-1"]
[WhiteElo "2151"]
[BlackElo "2388"]
[TimeControl "180+1"]
[EndTime "8:42:26 PST"]
[Termination "falzehope0 won on time"]

1. e4 d6 2. d4 Nf6 3. Bd3 Nbd7 4. Nf3 e5 5. O-O Be7 6. Be3 c6 7. h3 Qc7 8. Qd2 O-O 9. Nc3 Re8 10. Rad1 Nf8 11.
Rfe1 h6 12. Ne2 Ng6 13. Ng3 Nh7 14. dxe5 dxe5 15. Bc4 Bf8 16. a4 Qe7 17. Nf5 Qf6 18. Ng3 Ng5 19. Bxg5 hxg5 20. Qxg5 Nf4 21. Qxf6 gxf6 22.
Nf5 Bxf5 23. exf5 Bc5 24. Nd2 Rad8 25. Ne4 Be7 26. Kh2 Kg7 27. g3 Nd5 28. c3 a6 29. a5 Nc7 30. Rxd8 Rxd8 31. Bb3 Rd7 32. Rd1 Rxd1 33. Bxd1 Nb5 34. Be2 Na7 35. Bf1 Bd8 36. b4 Bc7 37. Be2 Bd8 38. Kg2 Be7 39. Kf3 Nc8 40. g4 Bf8 41. Bd3 Na7 42. h4 Be7 43. g5 Nb5 44. Bxb5 axb5 45. Kg4 Bd8 46. f3 Be7 47.
Kg3 Bd8 48. Kf2 Be7 49. Ke3 Bd8 50. Kd3 Be7 51. c4 Bxb4 52. cxb5 cxb5 53. Nxf6 Bxa5 54. Ke4 Bc3 55. Nd5 Bb2 56. Nb4 Kf8 57. Nd3 Bc3 58.
Nxe5 b4 59. Nd3 b3 60. h5 b2 61. Nxb2 Bxb2 62. Kd5 Bc1 63. g6 Kg7 64. Kc5 Be3+ 65.
Kd6 f6 66. Kd5 Bf2 67. Ke4 Bc5 68. Kd5 Be3 69. Ke6 Bg5 70. Kd5 Kh6 71. Kc5 Be3+ 72.
Kb5 Bf2 73. Kc4 Bg1 74. Kd5 Ba7 0-1

[Event "Early-Titled-Tuesday-Blitz-January-16-2024"]
[Site "Chess.com"]
[Date "2024.01.16"]
[Round "4"]
[White "Maftuna2303"]
[Black "Giorno"]
[Result "0-1"]
[WhiteElo "2343"]
[BlackElo "2531"]
[TimeControl "180+1"]
[EndTime "8:42:29 PST"]
[Termination "Giorno won on time"]

1. e4 d6 2. d4 g6 3. Nc3 Bg7 4. Nf3 a6 5. a4 b6 6. Be2 e6 7. O-O Ne7 8. Re1 Bb7 9. Bf4 Nd7 10. Qd2 h6 11. h4 Nf6 12. Bf1 d5 13. exd5 Nexd5 14. Nxd5 Nxd5 15. Be5 O-O 16. Bxg7 Kxg7 17. Rad1 Qf6 18.
Qe2 Nf4 19. Qe5 Bxf3 20. gxf3 Rfd8 21. Re4 Qxe5 22. Rxe5 c5 23. Re4 g5 24. hxg5 hxg5 25.
c3 Kf6 26. Ree1 cxd4 27. Rxd4 Rxd4 28. cxd4 b5 29. a5 Rc8 30. Rb1 Rc2 31. b4 Rd2 32. Rc1 Nd5 33. Kh2 Rxd4 34. Kg3 Nxb4 35. Rc8 Rd1 36. Be2 Ra1 37. f4 gxf4+ 38. Kxf4 Rxa5 39.
Rb8 Ra2 40. Bh5 Rxf2+ 41. Kg3 Rf5 42. Bg4 Rc5 43. Rb6 Rc6 44. Rb7 Nd5 45. Bh5 Rc7 46. Rb8 b4 47. Bf3 a5 48. Ra8 Rc5 49. Rb8 a4 50.
Bxd5 exd5 51. Rxb4 Ra5 52. Rb2 a3 53. Ra2 Ke5 54. Kf3 Kd4 55. Ke2 Kc3 56. Kd1 Kb3 57. Rf2 a2 0-1

[Event "Early-Titled-Tuesday-Blitz-January-16-2024"]
[Site "Chess.com"]
[Date "2024.01.16"]
[Round "4"]
[White "Chernyavsky_A"]
[Black "Alexchess1984"]
[Result "0-1"]
[WhiteElo "2410"]
[BlackElo "2681"]
[TimeControl "180+1"]
[EndTime "8:42:31 PST"]
[Termination "Alexchess1984 won on time"]

1. c4 g6 2. Nc3 c5 3. Nf3 Bg7 4. d4 cxd4 5. Nxd4 Nc6 6. Nc2 d6 7. e4 Bxc3+ 8. bxc3 Nf6 9. Bd3 O-O 10. O-O Be6 11. Bg5 Rc8 12. Ne3 Ne5 13. Nd5 Nxc4 14. Nxf6+ exf6 15. Bh6 Re8 16. Rb1 b6 17. Qa4 Na5 18.
Rfd1 Bc4 19. Qa3 Bxd3 20. Rxd3 Rc6 21. f3 Qc7 22. Rbd1 Nc4 23. Qc1 Ne5 24. Re3 Nd7 25. Qd2 Ne5 26. Bf4 Nc4 27. Qe1 Nxe3 28. Bxe3 Rxc3 29.
Bd4 Rc4 30. Bxf6 Qc5+ 31. Kh1 d5 32. Qh4 dxe4 33. Qh6 Qf8 34. Qf4 Rc6 35. fxe4 Rce6 36. e5 h5 37. Qg5 Kh7 38. h3 Qh6 39. Qg3 h4 40. Qf3 Qh5 41. Qf1 Rxe5 42. Bxe5 Qxe5 43. Qxf7+ Kh6 44. Qf2 Qe4 45. Rd4 Qe1+ 46. Qxe1 Rxe1+ 47. Kh2 Kh5 48. Rd7 a5 49. Rd5+ g5 50. Rb5 Re6 51. a4 Kg6 52. g4 Kf6 53. Rf5+ Kg6 54.
Rb5 Rc6 55. Kg2 Rd6 56. Kf3 Rd3+ 57. Kg2 Rd2+ 58. Kg1 Rd6 59. Kg2 Rc6 60. Kf3 Kf6 0-1

[Event "Early-Titled-Tuesday-Blitz-January-16-2024"]
[Site "Chess.com"]
[Date "2024.01.16"]
[Round "4"]
[White "FMVolodymyrSakun"]
[Black "MANOJ_MISHRA123"]
[Result "1/2-1/2"]
[WhiteElo "2560"]
[BlackElo "2260"]
[TimeControl "180+1"]
[EndTime "8:42:34 PST"]
[Termination "Game drawn by repetition"]

1. Nf3 Nf6 2. d4 g6 3. g3 Bg7 4. Bg2 O-O 5. O-O d6 6. Re1 Nbd7 7.
e4 e5 8. Bg5 h6 9. Bd2 c5 10. c3 b6 11. Na3 Bb7 12. d5 Ne8 13. Nh4 Kh7 14. Nc4 Ndf6 15. a4 a6 16. Ne3 b5 17.
Ng4 Nxg4 18. Qxg4 Nf6 19. Qe2 Qd7 20. Qf1 bxa4 21. h3 Qb5 22. Re2 Qxb2 23. Rb1 Qc2 24.
Rxb7 Rab8 25. Rxb8 Rxb8 26. Bxh6 Qxc3 27. Bxg7 Kxg7 28.
f4 Qxg3 29. Nf3 Qxf4 30. Nd2 Qg3 31. Nc4 Ne8 32. Re3 Qg5 33. Rf3 f6 34. Kh2 Rb3 35.
Qa1 Rxf3 36. Bxf3 Qf4+ 37. Kg2 Qg5+ 38. Kf2 Qh4+ 39. Ke3 Qg5+ 40. Ke2 Qh4 41. Qxa4 Kf7 42. Qxa6 Qxh3 43. Qb7+ Kf8 44. Qc6 Qh2+ 45. Kd3 Qg1 46. Nxd6 Qd4+ 47. Ke2 Qb2+ 48. Kf1 Qc1+ 49. Kg2 Qg5+ 50.
Kf2 Qd2+ 51. Kg3 Qf4+ 52. Kg2 Qd2+ 53. Kh3 Qh6+ 54. Kg2 Qg5+ 55. Kf1 Qc1+ 56. Ke2 Qc2+ 57. Kf1 Qc1+ 1/2-1/2